| TOP OF THE 1ST |
|
San Francisco Giants batting - Pitching for St. Louis Cardinals : LHP Ken Holtzman
|
|
Pitching: LHP Ken Holtzman
|
|
|
Batting: SHB Kevin Bass
|
0-0: Ball 1-0: Called Strike 1-1: Fly out, F8 (Line Drive, 8LD, EV 91.9 MPH)
|
|
Batting: LHB Ken Griffey Sr
|
0-0: Ball 1-0: Ground out 6-3 (Groundball, 6, EV 86.3 MPH)
|
|
Batting: LHB Keith Hernandez
|
0-0: Called Strike 0-1: Called Strike 0-2: Fly out, F8 (Flyball, 8LD, EV 93.8 MPH)
|
| Top of the 1st over - 0 runs, 0 hits, 0 errors, 0 left on base; San Francisco 0 - St. Louis 0 |
| BOTTOM OF THE 1ST |
|
St. Louis Cardinals batting - Pitching for San Francisco Giants : RHP Ronnie Sims
|
|
Pitching: RHP Ronnie Sims
|
|
|
Batting: SHB Otis Nixon
|
0-0: Ground out 4-3 (Groundball, 4, EV 85.0 MPH)
|
|
Batting: LHB Jim Gantner
|
0-0: Called Strike 0-1: Ball 1-1: Foul Ball, location: 2F 1-2: Ground out 6-3 (Groundball, 6S, EV 76.9 MPH)
|
|
Batting: RHB Sixto Lezcano
|
0-0: Called Strike 0-1: Foul Ball, location: 2F 0-2: Ground out U3 (Groundball, 34S, EV 80.6 MPH)
|
| Bottom of the 1st over - 0 runs, 0 hits, 0 errors, 0 left on base; San Francisco 0 - St. Louis 0 |
| TOP OF THE 2ND |
|
San Francisco Giants batting - Pitching for St. Louis Cardinals : LHP Ken Holtzman
|
|
Batting: RHB Phil Bailey
|
0-0: Called Strike 0-1: SINGLE (Line Drive, 4D, EV 100.6 MPH)
|
|
Batting: RHB Don Slaught
|
0-0: Ball 1-0: Ball 2-0: Foul Ball, location: 2F 2-1: Called Strike 2-2: SINGLE (Line Drive, 56D, EV 104.4 MPH) Phil Bailey to second
|
|
Batting: SHB Tyler O'Dell
|
0-0: Swinging Strike 0-1: Ball 1-1: Ball 2-1: Fielders Choice at 2nd, 4-6 (Groundball, 4, EV 98.1 MPH) Phil Bailey to third
|
|
Batting: RHB Kevin Howard
|
0-0: Called Strike 0-1: Called Strike 0-2: Foul Ball, location: 2F 0-2: Ball 1-2: Ball 2-2: Ball Tyler O'Dell is caught stealing 2nd base 2-4 3-2: Ground out 4-3 (Groundball, 4M, EV 84.4 MPH)
|
| Top of the 2nd over - 0 runs, 2 hits, 0 errors, 1 left on base; San Francisco 0 - St. Louis 0 |
| BOTTOM OF THE 2ND |
|
St. Louis Cardinals batting - Pitching for San Francisco Giants : RHP Ronnie Sims
|
|
Batting: RHB Bob Watson
|
0-0: Called Strike 0-1: Ball 1-1: Ball 2-1: Foul Ball, location: 2F 2-2: Ball 3-2: Strikes out swinging
|
|
Batting: LHB Mike Davis
|
0-0: Swinging Strike 0-1: Called Strike 0-2: Reached on error, E3 (Flyball, 34D, EV 87.5 MPH)
|
|
Batting: RHB Joe Torre
|
0-0: Ball 1-0: Ball 2-0: Ball 3-0: Called Strike 3-1: Base on Balls Mike Davis to second
|
|
Batting: LHB Pat Putnam
|
0-0: Called Strike 0-1: Foul Ball, location: 2F 0-2: DOUBLE (Line Drive, 7LS, EV 105.0 MPH) Mike Davis scores Joe Torre to third Runner from 3rd tries for Home, SAFE, throw by LF to trailing runner, SAFE at third!
|
|
Batting: SHB Billy E Smith
|
0-0: Called Strike 0-1: Foul Ball, location: 2F 0-2: Ball 1-2: Foul Ball, location: 2F 1-2: Ball 2-2: Foul Ball, location: 2F 2-2: Fly out, F6 (Popup, 6MS, EV 79.4 MPH)
|
|
Batting: RHB Ken Holtzman
|
0-0: Ball 1-0: Foul Ball, location: 2F 1-1: Ball 2-1: Ground out 5-3 (Groundball, 5L, EV 78.8 MPH)
|
| Bottom of the 2nd over - 2 runs, 1 hit, 1 error, 1 left on base; San Francisco 0 - St. Louis 2 |
| TOP OF THE 3RD |
|
San Francisco Giants batting - Pitching for St. Louis Cardinals : LHP Ken Holtzman
|
|
Batting: RHB Billy L Smith
|
0-0: Called Strike 0-1: Ball 1-1: Fly out, F8 (Flyball, 8LM, EV 88.8 MPH)
|
|
Batting: RHB Ronnie Sims
|
0-0: Foul Ball, location: 2F 0-1: Ball 1-1: Ball 2-1: Ball 3-1: Foul Ball, location: 2F 3-2: Strikes out swinging
|
|
Batting: SHB Kevin Bass
|
0-0: Ball 1-0: Foul Ball, location: 2F 1-1: Ground out 6-3 (Groundball, 6D, EV 109.4 MPH)
|
| Top of the 3rd over - 0 runs, 0 hits, 0 errors, 0 left on base; San Francisco 0 - St. Louis 2 |
| BOTTOM OF THE 3RD |
|
St. Louis Cardinals batting - Pitching for San Francisco Giants : RHP Ronnie Sims
|
|
Batting: SHB Otis Nixon
|
0-0: Ball 1-0: Foul Ball, location: 2F 1-1: Swinging Strike 1-2: TRIPLE (Flyball, 89XD, EV 98.1 MPH)
|
|
Batting: LHB Jim Gantner
|
0-0: Ball 1-0: Called Strike 1-1: Foul Ball, location: 2F 1-2: Foul Ball, location: 2F 1-2: Ball 2-2: Fly out, F8 (Flyball, 8LD, EV 87.5 MPH) Runner from 3rd tags up, SCORES, throw by CF
|
|
Batting: RHB Sixto Lezcano
|
0-0: Ball 1-0: Swinging Strike 1-1: Ball 2-1: Foul Ball, location: 2F 2-2: Fly out, F9 (Flyball, 89D, EV 100.6 MPH)
|
|
Batting: RHB Bob Watson
|
0-0: SOLO HOME RUN (Flyball, 78XD, EV 109.4 MPH), Distance : 418 ft
|
|
Batting: LHB Mike Davis
|
0-0: Ball 1-0: Foul Ball, location: 2F 1-1: Swinging Strike 1-2: Foul Ball, location: 2F 1-2: Fly out, F8 (Flyball, 8RD, EV 79.4 MPH)
|
| Bottom of the 3rd over - 2 runs, 2 hits, 0 errors, 0 left on base; San Francisco 0 - St. Louis 4 |
| TOP OF THE 4TH |
|
San Francisco Giants batting - Pitching for St. Louis Cardinals : LHP Ken Holtzman
|
|
Batting: LHB Ken Griffey Sr
|
0-0: Ball 1-0: Swinging Strike 1-1: Called Strike 1-2: Ball 2-2: Strikes out swinging
|
|
Batting: LHB Keith Hernandez
|
0-0: Called Strike 0-1: Ball 1-1: Called Strike 1-2: Ball 2-2: SINGLE (Line Drive, 5D, EV 100.0 MPH)
|
|
Batting: RHB Phil Bailey
|
0-0: Ball 1-0: Ball 2-0: Called Strike 2-1: Called Strike 2-2: Fly out, F7 (Line Drive, 7D, EV 91.9 MPH)
|
|
Batting: RHB Don Slaught
|
0-0: Ball 1-0: Ground out 4-3 (Groundball, 4, EV 80.0 MPH)
|
| Top of the 4th over - 0 runs, 1 hit, 0 errors, 1 left on base; San Francisco 0 - St. Louis 4 |
| BOTTOM OF THE 4TH |
|
St. Louis Cardinals batting - Pitching for San Francisco Giants : RHP Ronnie Sims
|
|
Batting: RHB Joe Torre
|
0-0: Ball 1-0: Foul Ball, location: 2F 1-1: Called Strike 1-2: Ball 2-2: Foul Ball, location: 2F 2-2: Ball 3-2: Strikes out swinging
|
|
Batting: LHB Pat Putnam
|
0-0: Called Strike 0-1: Fly out, F5 (Popup, 5D, EV 62.5 MPH)
|
|
Batting: SHB Billy E Smith
|
0-0: Ball 1-0: Ball 2-0: Ball 3-0: Called Strike 3-1: Foul Ball, location: 2F 3-2: Base on Balls
|
|
Batting: RHB Ken Holtzman
|
0-0: Called Strike 0-1: Called Strike 0-2: Foul Ball, location: 2F 0-2: Ball 1-2: Ball 2-2: Ball 3-2: Ground out 3-1 (Groundball, 34S, EV 61.3 MPH)
|
| Bottom of the 4th over - 0 runs, 0 hits, 0 errors, 1 left on base; San Francisco 0 - St. Louis 4 |
| TOP OF THE 5TH |
|
San Francisco Giants batting - Pitching for St. Louis Cardinals : LHP Ken Holtzman
|
|
Batting: SHB Tyler O'Dell
|
0-0: Ball 1-0: Ball 2-0: Fly out, F9 (Flyball, 9LS, EV 73.1 MPH)
|
|
Batting: RHB Kevin Howard
|
0-0: Called Strike 0-1: Ball 1-1: Called Strike 1-2: Foul Ball, location: 2F 1-2: Ball 2-2: Fly out, F9 (Flyball, 9S, EV 87.5 MPH)
|
|
Batting: RHB Billy L Smith
|
0-0: Ball 1-0: Fly out, F8 (Flyball, 78XD, EV 81.9 MPH)
|
| Top of the 5th over - 0 runs, 0 hits, 0 errors, 0 left on base; San Francisco 0 - St. Louis 4 |
| BOTTOM OF THE 5TH |
|
St. Louis Cardinals batting - Pitching for San Francisco Giants : RHP Ronnie Sims
|
|
Batting: SHB Otis Nixon
|
0-0: Ball 1-0: Foul Ball, location: 2F 1-1: Ground out 4-3 (Groundball, 4, EV 85.0 MPH)
|
|
Batting: LHB Jim Gantner
|
0-0: Ball 1-0: Called Strike 1-1: Called Strike 1-2: Strikes out swinging
|
|
Batting: RHB Sixto Lezcano
|
0-0: Swinging Strike 0-1: Ball 1-1: Called Strike 1-2: Ball 2-2: Foul Ball, location: 2F 2-2: SINGLE (Line Drive, 9LS, EV 110.6 MPH)
|
|
Batting: RHB Bob Watson
|
0-0: Ball Sixto Lezcano is caught stealing 2nd base 2-4
|
| Bottom of the 5th over - 0 runs, 1 hit, 0 errors, 0 left on base; San Francisco 0 - St. Louis 4 |
| TOP OF THE 6TH |
|
San Francisco Giants batting - Pitching for St. Louis Cardinals : LHP Ken Holtzman
|
|
Batting: RHB Ronnie Sims
|
0-0: Swinging Strike 0-1: Foul Ball, location: 2F 0-2: Ball 1-2: Ball 2-2: Ball 3-2: Foul Ball, location: 2F 3-2: Fly out, F7 (Flyball, 78M, EV 91.3 MPH)
|
|
Batting: SHB Kevin Bass
|
0-0: Ball 1-0: Reached on error, E2 (Groundball, 15S, EV 61.9 MPH)
|
|
Batting: LHB Ken Griffey Sr
|
0-0: Fly out, F8 (Line Drive, 8RM, EV 90.0 MPH)
|
|
Batting: LHB Keith Hernandez
|
0-0: Swinging Strike 0-1: Ball 1-1: Foul Ball, location: 2F 1-2: Ball 2-2: Ground out 6-3 (Groundball, 6, EV 83.8 MPH)
|
| Top of the 6th over - 0 runs, 0 hits, 1 error, 1 left on base; San Francisco 0 - St. Louis 4 |
| BOTTOM OF THE 6TH |
|
St. Louis Cardinals batting - Pitching for San Francisco Giants : RHP Ronnie Sims
|
|
Batting: RHB Bob Watson
|
0-0: Ball 1-0: Ball 2-0: SINGLE (Line Drive, 9S, EV 103.1 MPH)
|
|
Batting: LHB Mike Davis
|
0-0: 2-RUN HOME RUN (Flyball, 89XD, EV 101.9 MPH), Distance : 427 ft
|
|
Batting: RHB Joe Torre
|
0-0: Foul Ball, location: 2F 0-1: Ball 1-1: Ball 2-1: Foul Ball, location: 2F 2-2: Ball 3-2: SINGLE (Groundball, 56D, EV 110.0 MPH)
|
|
Batting: LHB Pat Putnam
|
0-0: Swinging Strike 0-1: Fly out, F9 (Flyball, 9LM, EV 103.8 MPH)
|
|
Batting: SHB Billy E Smith
|
0-0: Ball 1-0: Ball 2-0: Fielders Choice at 2nd, 3-6 (Groundball, 34D, EV 88.8 MPH)
|
|
Batting: RHB Ken Holtzman
|
0-0: Swinging Strike 0-1: Foul Ball, location: 2F 0-2: Ground out U3 (Groundball, 3, EV 105.6 MPH)
|
| Bottom of the 6th over - 2 runs, 3 hits, 0 errors, 1 left on base; San Francisco 0 - St. Louis 6 |
| TOP OF THE 7TH |
|
San Francisco Giants batting - Pitching for St. Louis Cardinals : LHP Ken Holtzman
|
|
Batting: RHB Phil Bailey
|
0-0: Ball 1-0: Ball 2-0: Ball 3-0: Called Strike 3-1: Ground out 6-3 (Groundball, 6, EV 85.0 MPH)
|
|
Batting: RHB Don Slaught
|
0-0: Ball 1-0: Fly out, F4 (Line Drive, 4, EV 63.8 MPH)
|
|
Batting: SHB Tyler O'Dell
|
0-0: Called Strike 0-1: Ground out 6-3 (Groundball, 6, EV 80.0 MPH)
|
| Top of the 7th over - 0 runs, 0 hits, 0 errors, 0 left on base; San Francisco 0 - St. Louis 6 |
| BOTTOM OF THE 7TH |
|
St. Louis Cardinals batting - Pitching for San Francisco Giants : RHP Ronnie Sims
|
|
Pitching: RHP Dave Frost
|
|
|
Batting: SHB Otis Nixon
|
0-0: Ball 1-0: Ball 2-0: SINGLE (Flyball, 5D, EV 93.8 MPH)
|
|
Batting: LHB Jim Gantner
|
0-0: Called Strike 0-1: Ball 1-1: SINGLE (Flyball, 8LS, EV 93.8 MPH) Otis Nixon to second Runner from 2nd tries for 3rd, SAFE, throw by CF made to third
|
|
Batting: RHB Sixto Lezcano
|
0-0: Called Strike 0-1: Swinging Strike 0-2: 3-RUN HOME RUN (Flyball, 7D, EV 110.0 MPH), Distance : 371 ft
|
|
Batting: RHB Bob Watson
|
0-0: Ball 1-0: SINGLE (Groundball, 56D, EV 93.8 MPH)
|
|
Pinch Hitting: RHB Mookie Wilson
|
0-0: Called Strike 0-1: Ball 1-1: Reaches on Catchers interference Bob Watson to second
|
|
Pinch Hitting: RHB Brian Dayett
|
0-0: Called Strike 0-1: Foul Ball, location: 2F 0-2: Ball 1-2: Ball 2-2: Ball 3-2: Fly out, F8 (Flyball, 8LD, EV 101.9 MPH)
|
|
Batting: LHB Pat Putnam
|
0-0: Ball 1-0: Called Strike 1-1: Foul Ball, location: 2F 1-2: Ball 2-2: Foul Ball, location: 2F 2-2: Fly out, F9 (Flyball, 9, EV 89.4 MPH)
|
|
Batting: SHB Billy E Smith
|
0-0: Ball 1-0: SINGLE (Flyball, 78S, EV 86.9 MPH) Bob Watson to third Mookie Wilson to second Runner from 3rd tries for Home, SAFE, throw by LF to home
|
|
Batting: RHB Ken Holtzman
|
0-0: Ball 1-0: Foul Ball, location: 2F 1-1: Fielders Choice at 2nd, 6-4 (Groundball, 6, EV 80.6 MPH)
|
| Bottom of the 7th over - 4 runs, 5 hits, 1 error, 2 left on base; San Francisco 0 - St. Louis 10 |
| TOP OF THE 8TH |
|
San Francisco Giants batting - Pitching for St. Louis Cardinals : LHP Ken Holtzman
|
|
Now at C: Brian Dayett
|
|
|
Now in LF: Mookie Wilson
|
|
|
Batting: RHB Kevin Howard
|
0-0: Ball 1-0: Ball 2-0: Ball 3-0: Called Strike 3-1: SINGLE (Line Drive, 7LM, EV 110.0 MPH)
|
|
Batting: RHB Billy L Smith
|
0-0: Ball 1-0: Foul Ball, location: 2F 1-1: Called Strike 1-2: Ball 2-2: Ball 3-2: DOUBLE (Line Drive, 78D, EV 110.0 MPH) Kevin Howard to third Runner from 3rd tries for Home, SAFE, throw by LF to home
|
|
Pinch Hitting: LHB Kevin Christensen
|
0-0: Foul Ball, location: 2F 0-1: Ball 1-1: Ball 2-1: Foul Ball, location: 2F 2-2: Ball 3-2: Base on Balls
|
|
Batting: SHB Kevin Bass
|
0-0: Ball 1-0: Called Strike 1-1: Foul Ball, location: 2F 1-2: Strikes out swinging
|
|
Batting: LHB Ken Griffey Sr
|
0-0: Ball 1-0: Foul Ball, location: 2F 1-1: SINGLE (Groundball, 56D, EV 99.4 MPH) Billy L Smith to third Kevin Christensen to second Runner from 3rd tries for Home, SAFE, throw by LF to home
|
|
Batting: LHB Keith Hernandez
|
0-0: SINGLE (Line Drive, 4MD, EV 96.9 MPH) Kevin Christensen to third Ken Griffey Sr to second
|
|
Batting: RHB Phil Bailey
|
0-0: Swinging Strike 0-1: Ball 1-1: Fly out, F8 (Line Drive, 8LM, EV 91.3 MPH) Runner from 3rd tags up, SCORES, no throw by CF
|
|
Batting: RHB Don Slaught
|
0-0: Called Strike 0-1: Foul Ball, location: 2F 0-2: Fielders Choice at 2nd, 6-4 (Groundball, 56, EV 87.5 MPH)
|
| Top of the 8th over - 3 runs, 4 hits, 0 errors, 2 left on base; San Francisco 3 - St. Louis 10 |
| BOTTOM OF THE 8TH |
|
St. Louis Cardinals batting - Pitching for San Francisco Giants : RHP Dave Frost
|
|
Pitching: LHP Ken Brett
|
|
|
Batting: SHB Otis Nixon
|
0-0: Foul Ball, location: 2F 0-1: Ball 1-1: Foul Ball, location: 2F 1-2: Ball 2-2: Ball 3-2: Ground out 5-3 (Groundball, 5L, EV 90.0 MPH)
|
|
Batting: LHB Jim Gantner
|
0-0: Foul Ball, location: 2F 0-1: Fly out, F8 (Flyball, 8RM, EV 86.9 MPH)
|
|
Batting: RHB Sixto Lezcano
|
0-0: Ball 1-0: Ball 2-0: Called Strike 2-1: Called Strike 2-2: Ground out 5-3 (Groundball, 56S, EV 91.3 MPH)
|
| Bottom of the 8th over - 0 runs, 0 hits, 0 errors, 0 left on base; San Francisco 3 - St. Louis 10 |
| TOP OF THE 9TH |
|
San Francisco Giants batting - Pitching for St. Louis Cardinals : LHP Ken Holtzman
|
|
Batting: SHB Tyler O'Dell
|
0-0: Ground out U3 (Groundball, 3L, EV 105.6 MPH)
|
|
Batting: RHB Kevin Howard
|
0-0: Ball 1-0: Fly out, F8 (Flyball, 8RM, EV 85.0 MPH)
|
|
Batting: RHB Billy L Smith
|
0-0: Ball 1-0: Ball 2-0: Foul Ball, location: 2F 2-1: Swinging Strike 2-2: Foul Ball, location: 2F 2-2: Foul Ball, location: 2F 2-2: Ball 3-2: Strikes out looking
|
| Top of the 9th over - 0 runs, 0 hits, 0 errors, 0 left on base; San Francisco 3 - St. Louis 10 |
|